 Dungeon Crawl Stone Soup version 0.25.1-1-g288607f5aa (webtiles) character file.

Game seed: 7190094716716000274

32 Milting the Skirmisher (level 3, -2/26 HPs)
             Began as an Octopode Transmuter on July 19, 2020.
             Slain by Robin
             ... wielding a +0 trident
              (8 damage)
             ... on level 2 of the Dungeon.
             The game lasted 00:03:55 (1518 turns).

Milting the Skirmisher (Octopode Transmuter)        Turns: 1518, Time: 00:03:56

Health: -2/26      AC:  1    Str: 10    XL:     3   Next: 25%
Magic:  6/6        EV: 13    Int: 15    God:
Gold:   64         SH:  0    Dex: 12    Spells: 5/6 levels left

rFire    . . .     SeeInvis .     - Unarmed
rCold    . . .     Gourm    .   (no shield)
rNeg     . . .     Faith    .   (helmet restricted)
rPois    .         Spirit   .   (no amulet)
rElec    .         Reflect  .   (no ring)
rCorr    .         Harm     .   (no ring)
MR       .....                  (no ring)
Stlth    ++........             (no ring)
HPRegen  0.08/turn              (no ring)
MPRegen  0.10/turn              (no ring)
                                (no ring)
                                (no ring)

@: no status effects
A: almost no armour, stealthy swim, amphibious, 8 rings, constrict 8, camouflage
1, gelatinous body 1
a: no special abilities


You were on level 2 of the Dungeon.
You were not hungry.

You visited 1 branch of the dungeon, and saw 2 of its levels.

You collected 64 gold pieces.

Inventory:

Hand Weapons
 k - a cursed +0 short sword
Missiles
 a - 35 arrows
 j - 35 stones (quivered)
Jewellery
 h - an uncursed ring of flight {unknown}
 o - a cursed amulet of guardian spirit {unknown}
Scrolls
 g - 6 scrolls of identify {unknown}
 i - a scroll of noise {unknown}
 l - a scroll of blinking {unknown}
 q - a scroll of teleportation {unknown}
Potions
 b - a potion of berserk rage {unknown}
 d - a potion of brilliance {unknown}
 e - a potion of mutation {unknown}
 f - a potion of stabbing {unknown}
 n - a potion of haste {unknown}
 p - a potion of resistance {unknown}
Comestibles
 c - 2 rations
 m - 2 chunks of flesh


   Skills:
 + Level 3.1 Fighting
 - Level 2.0 Dodging
 - Level 3.0 Unarmed Combat
 - Level 2.0 Spellcasting
 - Level 2.0 Transmutations


You had 5 spell levels left.
You knew the following spells:

 Your Spells              Type           Power        Failure   Level  Hunger
a - Beastly Appendage     Tmut           #.....       10%         1    #......

Your spell library contained the following spells:

 Spells                   Type           Power        Failure   Level  Hunger
 Sticks to Snakes         Tmut           #.......     14%         2    ###....
 Spider Form              Tmut/Pois      #.........   41%         3    ###....
 Ice Form                 Ice/Tmut       #.......     82%         4    #####..
 Blade Hands              Tmut           #.........   95%         5    ######.


Dungeon Overview and Level Annotations

Branches:
Dungeon (2/15)

Altars:

Annotations:
D:2 Robin


Innate Abilities, Weirdness & Mutations

You cannot wear most types of armour.
You are very stealthy in the water. (Stealth+)
You are amphibious.
You can wear up to eight rings at the same time.
You can use your tentacles to constrict eight enemies at once.
Your skin changes colour to match your surroundings (Stealth+).
Your rubbery body absorbs attacks. (AC +1, EV +1)


Message History

The goblins go into a battle-frenzy!
Robin hits you with a +0 trident.
* * * LOW HITPOINT WARNING * * *
Items here: ( ))))) †† Robin barely misses you.
You tentacle-slap the hobgoblin. Your grab misses the hobgoblin.
You pierce the hobgoblin, but do no damage.
The hobgoblin is lightly wounded.
The hobgoblin misses you. Robin closely misses you.
You tentacle-slap the hobgoblin. Your grab misses the hobgoblin.
You pierce the hobgoblin.
You kill the hobgoblin!
Your tentacle spike disappears.
You completely miss the goblin. Your grab misses the goblin.
Robin barely misses you. The goblin hits you.
* * * LOW HITPOINT WARNING * * *
You tentacle-slap the goblin. Your grab misses the goblin.
The goblin is moderately wounded.
Robin hits you from afar with a +0 trident!
You die...

#.# #..# #.# #..# #.#
#..# #.# #..# #.#
#..### #.# #..... #.#
#.###.
##.#############.###.
#.gg@...(........#...
#..###############.##
#.>. ................
#..# ..............#.
#... ........#####.#.
#.## #######.....###.
#. #......... #.
#.....#### #.....#


You could see Robin and a goblin (strong).

Vanquished Creatures
  A leopard gecko (D:1)
  A ball python (D:1)
  4 goblins
  6 hobgoblins
  3 jackals (D:2)
  5 bats
  2 kobolds (D:1)
  3 rats
25 creatures vanquished.

Notes
Turn   | Place    | Note
-------+----------+-------------------------------------------
     0 | D:1      | Milting the Octopode Transmuter began the quest for the
                  | Orb.
     0 | D:1      | Reached XP level 1. HP: 13/13 MP: 3/3
   675 | D:1      | Reached XP level 2. HP: 19/19 MP: 5/5
  1388 | D:2      | Reached XP level 3. HP: 23/25 MP: 6/6
  1493 | D:2      | Noticed Robin
  1518 | D:2      | Slain by Robin

Illustrated notes

Levels and vault maps discovered:
D:1:      scummos_arrival_checkerplants, layout_basic, st_stairs_4,
          minmay_close_crescents
D:2:      layout_basic, minmay_quadrilaterals, uniq_jessica, uniq_robin,
          uniq_crazy_yiuf_cottage

Skill      XL: |  1  2  3 |
---------------+----------+-----
Fighting       | 2 3 |  3.1
Dodging        | |  2.0
Unarmed Combat | |  3.0
Spellcasting   | |  2.0
Transmutations | |  2.0

Action                   || total
-------------------------++-------
Melee: Unarmed           ||    59
       Constrict         ||    17
       Punch             ||     2
       Tentacles         ||     6
       Kick              ||     4
Throw: Stone             ||     6
 Cast: Beastly Appendage ||     1
 Stab: Sleeping          ||     5
  Eat: Chunk             ||     2
Armor: Skin              ||     9
Dodge: Dodged            ||    40
